 Dungeon Crawl Stone Soup version 0.21.1-1-g345015f (webtiles) character file.

214 Swet the Magician (level 5, -1/35 HPs)
             Began as a Mummy Wizard on July 17, 2018.
             Slain by aaksess's ghost (9 damage)
             ... on level 3 of the Dungeon.
             The game lasted 00:35:44 (3477 turns).

Swet the Magician (Mummy Wizard)                    Turns: 3477, Time: 00:35:44

Health: -1/35      AC:  2    Str: 10      XL:     5   Next: 59%
Magic:  2/15       EV: 12    Int: 18      God:
Gold:   130        SH:  0    Dex:  7 (11) Spells: 14/19 levels left

rFire    x . .     SeeInvis .   q - +1 short sword (venom)
rCold    + . .     Gourm    .   (no shield)
rNeg     + + +     Faith    .   k - +0 robe
rPois    ∞         Spirit   .   b - +0 hat
rElec    .         Reflect  .   (no cloak)
rCorr    .         Harm     .   (no gloves)
MR       .....                  (no boots)
Stlth    +.........             h - amulet of regeneration
HPRegen  0.51/turn              e - ring of poison resistance
MPRegen  0.14/turn              i - ring of wizardry

@: no status effects
A: no food or potions, fire vulnerability, cold resistance 1, negative energy
resistance 3, torment resistance, unbreathing
a: no special abilities


You were on level 3 of the Dungeon.
You were not hungry.

You visited 1 branch of the dungeon, and saw 3 of its levels.

You collected 130 gold pieces.

Inventory:

Hand Weapons
 q - a +1 short sword of venom (weapon)
Armour
 a - a +0 robe
 b - a +0 hat (worn)
 k - a +0 robe (worn)
 p - a +0 buckler
Jewellery
 e - a ring of poison resistance (left hand)
 h - an amulet of regeneration (around neck)
 i - a ring of wizardry (right hand)
 r - an uncursed ring of positive energy {unknown}
Wands
 o - a wand of random effects (23)
Scrolls
 d - 3 scrolls of enchant weapon {unknown}
 f - a scroll of magic mapping {unknown}
 g - a scroll of blinking {unknown}
 j - 2 scrolls of identify {unknown}
 l - 2 scrolls of teleportation
 m - a scroll of immolation {unknown}
 n - a scroll of noise {unknown}
 s - a scroll of random uselessness {unknown}
Books
 c - a book of Minor Magic

   Spells                             Type                      Level
   a - Magic Dart                     Conjuration                  1
   b - Blink                          Translocation                2
   c - Call Imp                       Summoning                    2
   d - Slow                           Hexes                        2
   e - Conjure Flame                  Conjuration/Fire             3
   f - Mephitic Cloud                 Conjuration/Poison/Air       3


   Skills:
 - Level 1.5 Dodging
 - Level 1.5 Stealth
 + Level 7.9 Spellcasting
 - Level 0.7 Conjurations
 - Level 0.7 Summonings
   Level 0.7 Translocations


You had 14 spell levels left.
You knew the following spells:

 Your Spells              Type           Power        Failure   Level  Hunger
a - Magic Dart            Conj           #...         3%          1    N/A
b - Call Imp              Summ           #.......     4%          2    N/A
c - Slow                  Hex            #.......     6%          2    N/A

Dungeon Overview and Level Annotations

Branches:
Dungeon (3/15)

Altars:
Fedhas
Gozag
Wu Jian

Annotations:
D:3 aaksess's ghost, amateur GnMo


Innate Abilities, Weirdness & Mutations

You do not eat or drink.
Your flesh is vulnerable to fire.
You are immune to poison.
Your flesh is cold resistant. (rC+)
You are immune to negative energy. (rN+++)
You are immune to unholy pain and torment.
You can survive without breathing.


Message History

Aaksess's ghost closely misses you.
Your iron imp barely misses aaksess's ghost.
You barely miss aaksess's ghost.
Aaksess's ghost is severely damaged.
Aaksess's ghost misses you.
You hit aaksess's ghost but do no damage.
Aaksess's ghost is severely damaged.
Your iron imp disappears in a puff of smoke!
Aaksess's ghost ripples.
Aaksess's ghost hits you.
You barely miss aaksess's ghost.
Aaksess's ghost is severely damaged.
You hit aaksess's ghost but do no damage.
Aaksess's ghost is severely damaged.
Aaksess's ghost hits you!
* * * LOW HITPOINT WARNING * * *
You are too injured to fight recklessly!
Aaksess's ghost is no longer moving slowly.
Aaksess's ghost hits you!
You die...

#.##.....##....#####.##....
#.#.......#................
#.#.......#.........###....
#....._........#....###....
#.#.......#......##........
#.#.......#5....######.....
#.##.....##.......§......##
#.####†####W.##.###.......#
#.........@..##.. #.......#
#####.......######....#.>##..
#.....[.##### #...........
#..[....# #.........#.
#......†# #...........
#.......# ##########..
#.......# ##. #.......# #.
#.......# #.


You could see aaksess's ghost and a friendly crimson imp.

Vanquished Creatures
  5 adders (D:2)
  A dart slug (D:3)
  2 leopard geckos
  A ball python (D:1)
  3 giant cockroaches
  8 goblins
  4 hobgoblins
  4 jackals
  6 kobolds
  2 quokkas
  4 bats
  5 frilled lizards
  6 rats
51 creatures vanquished.

Vanquished Creatures (collateral kills)
  A quasit (D:3)
  An orc priest (D:3)
  An orc wizard (D:3)
  Jessica (D:2)
  Terence (D:2)
  4 adders
  An ooze (D:3)
  A leopard gecko (D:2)
  2 orcs (D:3)
  A goblin (D:2)
  2 hobgoblins
  4 bats
  A rat (D:2)
21 creatures vanquished.

Grand Total: 72 creatures vanquished

Notes
Turn   | Place    | Note
-------+----------+-------------------------------------------
     0 | D:1      | Swet the Mummy Wizard began the quest for the Orb.
     0 | D:1      | Reached XP level 1. HP: 13/13 MP: 5/5
   459 | D:1      | Reached XP level 2. HP: 18/19 MP: 5/7
   644 | D:1      | Reached skill level 5 in Spellcasting
  1047 | D:2      | Reached XP level 3. HP: 18/24 MP: 3/9
  1213 | D:2      | Learned a level 2 spell: Call Imp
  1232 | D:2      | Noticed Terence
  1242 | D:2      | Killed Terence
  1622 | D:2      | Reached skill level 6 in Spellcasting
  1736 | D:2      | Reached XP level 4. HP: 25/30 MP: 0/12
  1870 | D:2      | Found a blossoming altar of Fedhas.
  2587 | D:2      | Noticed Jessica
  2590 | D:2      | Killed Jessica
  2800 | D:3      | Reached skill level 7 in Spellcasting
  2800 | D:3      | Reached XP level 5. HP: 22/35 MP: 1/14
  3040 | D:3      | Found an opulent altar of Gozag.
  3225 | D:3      | Noticed aaksess's ghost (amateur GnMo)
  3286 | D:3      | Learned a level 2 spell: Slow
  3314 | D:3      | Found an ornate altar of the Wu Jian Council.
  3477 | D:3      | Slain by aaksess's ghost

Skill      XL: |  1  2  3  4 |
---------------+-------------+-----
Spellcasting   | 5 6 7 |  7.9
Dodging        | |  1.5
Stealth        | |  1.5
Conjurations   | |  0.7
Summonings     | |  0.7
Translocations | |  0.7

Action                   |  1- 3 |  4- 6 || total
-------------------------+-------+-------++-------
Melee: Unarmed           |    11 |       ||    11
       Dagger            |    85 |    34 ||   119
       Short sword       |       |    27 ||    27
 Cast: Magic Dart        |    66 |    48 ||   114
       Call Imp          |     7 |    32 ||    39
       Slow              |       |     2 ||     2
  Use: Scroll            |       |     1 ||     1
 Stab: Distracted        |       |     1 ||     1
Armor: Robe              |    21 |    31 ||    52
Dodge: Dodged            |    93 |    68 ||   161
